Map: Apotheosis LE

Players

Gracz

  • Race: Zerg Zerg
  • League: Silver

junk

  • Race: Terran Terran
  • League: Silver

VOD

Have the link to the VOD?

Description

Time

  • Played on: Oct. 10, 2016, 1:53 p.m.
  • Length: 13:11
Show
View Real Time Build Order
Export as new Build Order

Gracz Zerg 

Build Orders: Pool First 

Get SALT Encoding   

  12  0:01  Drone  
  13  0:11  Drone  
  14  0:18  Overlord  
  14  0:36  Spawning Pool  
  14  0:41  Drone  
  14  0:59  Drone x3  
  17  1:23  Hatchery  
  16  1:27  Extractor  
  16  1:28  Zergling x4  
  18  1:40  Zergling x2  
  18  1:47  Drone  
  19  2:16  Roach Warren  
  19  2:17  Drone x3  
  21  2:28  Overlord  
  21  2:34  Queen  
  23  2:38  Zergling x2  
  21  2:58  Roach  
  21  2:59  Roach  
  24  3:26  Overlord  
  24  3:50  Queen, Hatchery  
  25  4:27  Roach x2  
  29  4:35  Overlord x2  
  29  5:12  Hatchery  
  29  5:14  Roach x2  
  32  5:23  Roach x3  
  32  5:28  Queen  
  38  5:29  Drone  
  38  5:35  Overlord  
  41  5:40  Roach  
  43  5:46  Spine Crawler  
  40  6:14  Ravager  
  40  6:15  Ravager x5  
  46  6:18  Extractor  
  45  6:27  Drone  
  45  6:28  Drone x4  
  48  6:40  Queen  
  48  6:43  Queen  
  42  7:01  Queen  
  28  7:37  Lair  
  28  7:39  Drone  
  28  7:40  Drone x10  
  39  7:58  Extractor  
  39  8:00  Extractor  
  37  8:11  Drone  
  37  8:12  Drone x4  
  42  8:40  Drone x4  
  46  8:46  Hydralisk Den  
  45  8:50  Spire  
  44  8:56  Infestation Pit  
  42  9:32  Roach x9  
  42  9:33  Overlord  
  42  9:34  Overlord x3  
  56  10:12  Hydralisk  
  56  10:13  Hydralisk x5  
  68  10:17  Lurker Den  
  68  10:33  Hatchery  
  67  11:12  Mutalisk x4  
  67  11:13  Mutalisk x4  
  83  11:25  Extractor  
  82  11:37  Mutalisk x3  
  80  11:53  Lurker  
  60  11:54  Lurker  
  60  12:03  Lurker  
  40  12:36  Hydralisk x9  
Show
View Real Time Build Order
Export as new Build Order

junk Terran 

Build Orders: MMM Bio 

Get SALT Encoding   

  12  0:01  SCV  
  13  0:13  SCV  
  14  0:23  Supply Depot  
  14  0:25  SCV  
  15  0:35  Refinery  
  15  0:46  Barracks  
  15  0:48  SCV  
  16  1:00  SCV  
  17  1:12  SCV  
  17  1:15  Engineering Bay  
  18  1:24  SCV  
  19  1:33  Marine  
  19  1:36  SCV  
  19  1:37  Supply Depot  
  21  1:48  SCV  
  22  2:05  Marine  
  23  2:10  SCV  
  23  2:11  Factory  
  24  2:22  Bunker  
  24  2:23  SCV  
  25  2:35  SCV  
  26  2:47  SCV  
  26  2:52  Marine  
  27  3:09  Factory Tech Lab  
  27  3:10  Marine  
  28  3:14  Starport  
  28  3:31  Marine  
  29  3:35  Orbital Command  
  29  3:37  Refinery  
  29  3:57  Starport Reactor  
  29  4:13  SCV  
  29  4:26  SCV  
  29  4:28  Barracks Tech Lab, Bunker  
  30  4:38  SCV  
  31  4:43  Supply Depot  
  31  4:44  Supply Depot  
  31  4:47  Liberator  
  31  4:52  Command Center  
  31  4:55  Stimpack  
  31  5:04  Marine  
  31  5:05  Siege Tank  
  38  5:22  Supply Depot  
  38  5:28  Marine  
  39  5:34  Barracks  
  39  5:35  Barracks  
  39  5:37  Siege Tank  
  42  6:01  Liberator  
  45  6:42  Siege Tank  
  47  7:12  Command Center  
  47  7:15  Barracks Reactor x2  
  44  7:41  Marine  
  44  7:42  Medivac x2, Siege Tank  
  52  7:56  Marine x2  
  52  7:57  Marine x2  
  56  7:59  Marine  
  57  8:13  Orbital Command  
  57  8:14  Marine x3  
  57  8:15  Marine  
  57  8:16  Marine  
  62  8:26  Supply Depot  
  62  8:28  Supply Depot  
  62  8:29  Supply Depot x2  
  62  8:32  Marine, Orbital Command  
  63  8:40  Combat Shields  
  63  8:41  Marine  
  63  8:42  Marine x3  
  63  8:43  Medivac, Siege Tank  
  72  8:50  Marine  
  72  8:53  Orbital Command  
  73  8:59  Marine x2, Engineering Bay  
  73  9:00  Marine x2  
  73  9:01  Engineering Bay  
  77  9:07  SCV x2  
  77  9:08  Marine  
  80  9:16  Refinery  
  80  9:17  Marine x3, Refinery  
  80  9:19  SCV x2  
  85  9:31  SCV x2  
  85  9:35  Marine x4  
  85  9:36  Marine, Siege Tank  
  95  9:43  SCV  
  92  9:53  Marine  
  92  9:58  Marine x2  
  92  9:59  Marine x2  
  91  10:02  SCV x2  
  93  10:07  Medivac  
  93  10:11  Marine  
  97  10:14  SCV  
  97  10:16  Marine x2  
  97  10:19  Marine x2  
  101  10:23  SCV  
  101  10:26  SCV  
  103  10:28  Marine  
  103  10:34  Marine  
  103  10:35  SCV  
  106  10:36  SCV  
  106  10:38  SCV  
  108  10:44  Marine x3  
  108  10:46  Marine  
  108  10:47  SCV  
  108  10:48  SCV  
  114  10:50  Supply Depot, SCV  
  114  10:52  Marine  
  116  11:04  Marine  
  117  11:12  Marine x4, Medivac x2  
  125  11:47  Siege Tank  
Tags
 
Add a new tag
Caveats
  • Supply blocks, unpowered buildings, or Contaminate may cause inaccurate times.
  • Supply counts are checked every 10 seconds.